 Dungeon Crawl Stone Soup version 0.20-a0-1063-gb8e8b7e (webtiles) character file.

251 IB the Skirmisher (level 5, -2/47 HPs)
             Began as a Minotaur Abyssal Knight on Apr 27, 2017.
             Was a Believer of Lugonu.
             Succumbed to a scorpion's poison
             ... on level 4 of the Dungeon.
             The game lasted 00:15:49 (2763 turns).

IB the Skirmisher (Minotaur Abyssal Knight)         Turns: 2763, Time: 00:15:49

Health: -2/47      AC:  9    Str: 17    XL:     5   Next: 88%
Magic:  4/6        EV:  7    Int:  9    God:    Lugonu [**....]
Gold:   200        SH:  0    Dex: 10    Spells: 4/4 levels left

rFire    . . .     SeeInvis .   s - +0 flail
rCold    . . .     Gourm    .   (no shield)
rNeg     . . .     Faith    .   f - +0 chain mail
rPois    .         Spirit   .   (helmet restricted)
rElec    .         Reflect  .   (no cloak)
rCorr    +         Harm     .   (no gloves)
MR       .....                  (no boots)
Stlth    ..........             h - amulet of magic regeneration
Regen    0.2/turn               e - ring of resist corrosion
MPRegen  0.2/turn               (no ring)

@: lethally poisoned (-2 -> -39)
A: retaliatory headbutt, horns 2
a: Depart the Abyss, Bend Space, Renounce Religion


You were on level 4 of the Dungeon.
You worshipped Lugonu.
Lugonu was pleased with you.
You were not hungry.

You visited 1 branch of the dungeon, and saw 4 of its levels.
You visited the Abyss 1 time.

You collected 200 gold pieces.

Inventory:

Hand Weapons
 a - a +1 mace
 s - a +0 flail (weapon)
Armour
 f - a +0 chain mail (worn)
Jewellery
 e - a ring of resist corrosion (left hand)
 h - an amulet of magic regeneration (around neck)
Wands
 q - a wand of confusion (24/48)
Scrolls
 d - 2 scrolls of remove curse
 i - a scroll of immolation {unknown}
 k - 2 scrolls of amnesia {unknown}
 m - 2 scrolls of fear {unknown}
 n - 2 scrolls of teleportation {unknown}
 p - a scroll of noise {unknown}
 t - a scroll of enchant weapon {unknown}
 u - a scroll of identify {unknown}
 v - a scroll of recharging {unknown}
Potions
 b - a potion of brilliance {unknown}
 j - a potion of haste {unknown}
 l - a potion of lignification {unknown}
 r - a potion of invisibility {unknown}
Comestibles
 c - 4 bread rations
 g - 4 fruits
 o - 2 meat rations


   Skills:
 + Level 4.8 Fighting
 * Level 4.4 Maces & Flails
 + Level 3.4 Armour
 + Level 2.6 Dodging
 * Level 3.2 Invocations


You had 4 spell levels left.
You didn't know any spells.

Dungeon Overview and Level Annotations

Branches:
Dungeon (4/15)
 Temple: D:4-7

Altars:

Annotations:
D:4 edsrzf's ghost, amateur GnFi


Innate Abilities, Weirdness & Mutations

You reflexively headbutt those who attack you in melee.
You have a pair of horns on your head.


Message History

You are more poisoned.
You hit edsrzf's ghost.
Edsrzf's ghost is lightly damaged.
* * * LOW HITPOINT WARNING * * *
You feel very sick. The scorpion stings you.
* * * LOW HITPOINT WARNING * * *
You are more poisoned.
The scorpion poisons you!
Edsrzf's ghost hits you but does no damage.
Space bends around you!
You blink.
* * * LOW HITPOINT WARNING * * *
You feel very sick. Space bends around you!
You blink.
* * * LOW HITPOINT WARNING * * *
You feel very sick.
You don't have enough health at the moment.
As you read the scroll labeled LAIFEF XOHOORU, it crumbles to dust.
You feel blessed for a moment.
It was a scroll of remove curse.
You die...

#......# ##### #.#
#.##.#.# #.#
###.##.#.# #.######
[........# #......#
.........# #######
#..###.# ....##.#.#
#.....# #..#.#.#
.........###.....#
##..#..#
....#.......W....#
#.###.##
.........###..s.@#
##.## ##.##
..#......# #.....#
#.## ##.#
........##
##########.## ##.##
###.....#
########...#.###.##
#.....#
...........##.#.##
####.##
########..<###.##
#... ##.## #.# ..#.
#.# #.# .# # #.#
#.#


You could see a scorpion and edsrzf's ghost.

Vanquished Creatures
  An ogre (D:4)
  4 gnolls (D:2)
  5 adders
  An ooze (D:1)
  4 dart slugs
  2 worms
  2 leopard geckos (D:2)
  4 orcs (D:3)
  A ball python (D:2)
  2 giant cockroaches
  4 goblins
  8 hobgoblins
  9 kobolds
  2 quokkas
  8 bats
  6 frilled lizards
  2 rats
65 creatures vanquished.

Notes
Turn   | Place    | Note
-------+----------+-------------------------------------------
     0 | Abyss:1  | IB the Minotaur Abyssal Knight began the quest for the Orb.
     0 | Abyss:1  | Reached XP level 1. HP: 19/19 MP: 1/1
     0 | D:1      | Escaped the Abyss
    65 | D:1      | Reached * piety under Lugonu
   213 | D:1      | Reached XP level 2. HP: 27/27 MP: 2/2
   429 | D:1      | Reached XP level 3. HP: 30/33 MP: 3/3
   915 | D:2      | Reached XP level 4. HP: 40/40 MP: 4/4
  1197 | D:2      | Found a faded altar of an unknown god.
  1268 | D:3      | Reached ** piety under Lugonu
  1396 | D:3      | Reached XP level 5. HP: 41/47 MP: 6/6
  2538 | D:4      | Noticed an ogre
  2556 | D:4      | Killed an ogre
  2741 | D:4      | Noticed edsrzf's ghost (amateur GnFi)
  2762 | D:4      | HP: 1/47 [poisoned by a scorpion]
  2763 | D:4      | Succumbed to a scorpion's poison

Vault maps used:
D:1:      lemuel_arrival_river_ford
D:2:      chequers_ecumenical_altar_twisty
D:3:      first_bread
D:4:      temple_doors_e, uniq_eustachio

Skill      XL: |  1  2  3  4  5 |
---------------+----------------+-----
Fighting       | 4 |  4.8
Invocations    | 2 3 |  3.2
Maces & Flails | 3 4 |  4.4
Dodging        | 2 |  2.6
Armour         | 3 |  3.4

Action                   |  1- 3 |  4- 6 || total
-------------------------+-------+-------++-------
Melee: Mace              |    81 |    53 ||   134
       Headbutt          |    12 |    12 ||    24
       Flail             |       |    37 ||    37
Invok: Depart the Abyss  |     1 |       ||     1
       Bend Space        |       |     3 ||     3
  Use: Scroll            |       |     1 ||     1
  Eat: Royal jelly       |       |     1 ||     1
       Meat ration       |       |     1 ||     1
Armor: Leather armour    |    21 |       ||    21
       Scale mail        |     6 |       ||     6
       Chain mail        |     4 |    59 ||    63
Dodge: Dodged            |    62 |    28 ||    90
